[gd_scene load_steps=9 format=3 uid="uid://dtdd1ss5pntap"]

[ext_resource type="PackedScene" uid="uid://7gv6q50fuutj" path="res://usefulScripts/player/player_firstperson.tscn" id="1_476dx"]
[ext_resource type="Script" path="res://usefulScripts/movement/rotation.gd" id="2_tmjjc"]

[sub_resource type="ProceduralSkyMaterial" id="ProceduralSkyMaterial_5fj5y"]
sky_horizon_color = Color(0.64625, 0.65575, 0.67075, 1)
ground_horizon_color = Color(0.64625, 0.65575, 0.67075, 1)

[sub_resource type="Sky" id="Sky_o60ic"]
sky_material = SubResource("ProceduralSkyMaterial_5fj5y")

[sub_resource type="Environment" id="Environment_evvro"]
background_mode = 2
sky = SubResource("Sky_o60ic")

[sub_resource type="BoxMesh" id="BoxMesh_agx2e"]
size = Vector3(100, 1, 100)

[sub_resource type="ConvexPolygonShape3D" id="ConvexPolygonShape3D_0y86u"]
points = PackedVector3Array(-50, -0.5, -50, -50, 0.5, -50, 50, -0.5, -50, -50, -0.5, 50, -50, 0.5, 50, 50, 0.5, -50, 50, -0.5, 50, 50, 0.5, 50)

[sub_resource type="PrismMesh" id="PrismMesh_5s0wh"]

[node name="rotation" type="Node3D"]

[node name="WorldEnvironment" type="WorldEnvironment" parent="."]
environment = SubResource("Environment_evvro")

[node name="DirectionalLight3D" type="DirectionalLight3D" parent="."]
transform = Transform3D(-0.866025, -0.433013, 0.25, 0, 0.5, 0.866025, -0.5, 0.75, -0.433013, 0, 0, 0)
shadow_enabled = true

[node name="floor" type="StaticBody3D" parent="."]
transform = Transform3D(1, 0, 0, 0, 1, 0, 0, 0, 1, 0, -0.5, 0)

[node name="MeshInstance3D" type="MeshInstance3D" parent="floor"]
mesh = SubResource("BoxMesh_agx2e")
skeleton = NodePath("../..")

[node name="CollisionShape3D" type="CollisionShape3D" parent="floor"]
shape = SubResource("ConvexPolygonShape3D_0y86u")

[node name="Player" parent="." instance=ExtResource("1_476dx")]
transform = Transform3D(1, 0, 0, 0, 1, 0, 0, 0, 1, 0, 1.0603, 21.5303)

[node name="wedge_x" type="MeshInstance3D" parent="."]
transform = Transform3D(1, 0, 0, 0, 1, 0, 0, 0, 1, 0, 1, 0)
mesh = SubResource("PrismMesh_5s0wh")
skeleton = NodePath("")
script = ExtResource("2_tmjjc")
rotationAxis = Vector3(1, 0, 0)

[node name="wedge_y" type="MeshInstance3D" parent="."]
transform = Transform3D(1, 0, 0, 0, 1, 0, 0, 0, 1, 5, 1, 0)
mesh = SubResource("PrismMesh_5s0wh")
skeleton = NodePath("")
script = ExtResource("2_tmjjc")
rotationAxis = Vector3(0, 1, 0)

[node name="wedge_xy" type="MeshInstance3D" parent="."]
transform = Transform3D(1, 0, 0, 0, 1, 0, 0, 0, 1, 10, 1, 0)
mesh = SubResource("PrismMesh_5s0wh")
skeleton = NodePath("")
script = ExtResource("2_tmjjc")
rotationAxis = Vector3(1, 1, 0)

[node name="nested_wedge_1" type="MeshInstance3D" parent="."]
transform = Transform3D(1, 0, 0, 0, 1, 0, 0, 0, 1, 15, 1, 0)
mesh = SubResource("PrismMesh_5s0wh")
skeleton = NodePath("")
script = ExtResource("2_tmjjc")
rotationAxis = Vector3(0, 0, 1)

[node name="nested_wedge_2" type="MeshInstance3D" parent="nested_wedge_1"]
transform = Transform3D(1, 0, 0, 0, 1, 0, 0, 0, 1, 0, 2, 0)
mesh = SubResource("PrismMesh_5s0wh")
skeleton = NodePath("")
script = ExtResource("2_tmjjc")
rotationAxis = Vector3(1, 0, 0)

[node name="nested_wedge_3" type="MeshInstance3D" parent="nested_wedge_1/nested_wedge_2"]
transform = Transform3D(1, 0, 0, 0, 1, 0, 0, 0, 1, 0, 2, 0)
mesh = SubResource("PrismMesh_5s0wh")
skeleton = NodePath("")
script = ExtResource("2_tmjjc")
rotationAxis = Vector3(1, 1, 0)

[node name="nested_node_1" type="Node3D" parent="."]
transform = Transform3D(1, 0, 0, 0, 1, 0, 0, 0, 1, 20, 1, 0)
script = ExtResource("2_tmjjc")
rotationAxis = Vector3(0, 0, 1)

[node name="nested_node_2" type="Node3D" parent="nested_node_1"]
transform = Transform3D(1, 0, 0, 0, 1, 0, 0, 0, 1, 0, 2, 0)
script = ExtResource("2_tmjjc")
rotationAxis = Vector3(1, 0, 0)

[node name="nested_wedge_4" type="MeshInstance3D" parent="nested_node_1/nested_node_2"]
transform = Transform3D(1, 0, 0, 0, 1, 0, 0, 0, 1, 0, 2, 0)
mesh = SubResource("PrismMesh_5s0wh")
skeleton = NodePath("")
script = ExtResource("2_tmjjc")
rotationAxis = Vector3(1, 1, 0)
